 Dungeon Crawl Stone Soup version 0.22-a0-293-gc9362ec (webtiles) character file.

70 mhoghedin the Chiller (level 4, -2/33 HPs)
             Began as a Ghoul Ice Elementalist on Mar 24, 2018.
             Slain by an orc
             ... wielding a +0 dagger
              (5 damage)
             ... on level 3 of the Dungeon.
             The game lasted 00:03:59 (1343 turns).

mhoghedin the Chiller (Ghoul Ice Elementalist)      Turns: 1343, Time: 00:04:00

Health: -2/33      AC:  3    Str: 11    XL:     4   Next: 22%
Magic:  5/5        EV: 11    Int: 11    God:
Gold:   67         SH:  0    Dex:  9    Spells: 3/6 levels left

rFire    . . .     SeeInvis .   a - +1 spear (venom)
rCold    + . .     Gourm    .   (no shield)
rNeg     + + +     Faith    .   k - +0 leather armour
rPois    ∞         Spirit   .   (no helmet)
rElec    .         Reflect  .   (no cloak)
rCorr    .         Harm     .   (no gloves)
MR       .....                  (no boots)
Stlth    +.........             (no amulet)
HPRegen  0.00/turn              (no ring)
MPRegen  0.09/turn              (no ring)

@: about to teleport, rotting
A: rotting body, claws 1, carnivore, cold resistance 1, negative energy
resistance 3, inhibited regeneration, torment resistance, unbreathing
a: no special abilities


You were on level 3 of the Dungeon.
You were not hungry.

You visited 1 branch of the dungeon, and saw 3 of its levels.

You collected 67 gold pieces.

Inventory:

Hand Weapons
 a - a +1 spear of venom (weapon)
   (You found it on level 2 of the Dungeon)
 b - a +0 hunting sling
   (You found it on level 1 of the Dungeon)
 h - a +0 hand axe of pain
   (You found it on level 2 of the Dungeon)
 i - a +1 hand axe of chopping
   (You took it off a hobgoblin on level 1 of the Dungeon)
Missiles
 e - 63 stones (quivered)
 g - 2 throwing nets {=f, !d}
Armour
 j - a +0 robe
 k - a +0 leather armour (worn)
   (You took it off a hobgoblin on level 1 of the Dungeon)
Scrolls
 l - a scroll of identify
 m - a scroll of remove curse
Comestibles
 c - 9 rations


   Skills:
 - Level 0.7(1.5) Axes
 + Level 2.0(2.1) Polearms
 - Level 1.4 Slings
 - Level 1.7 Dodging
 - Level 2.1 Stealth
 - Level 1.7 Spellcasting
 - Level 0.7 Conjurations
 - Level 3.8 Ice Magic


You had 3 spell levels left.
You knew the following spells:

 Your Spells              Type           Power        Failure   Level  Hunger
a - Freeze                Ice            #...         8%          1    ##.....
x - Throw Frost           Conj/Ice       #.....       22%         2    ###....


Dungeon Overview and Level Annotations

Branches:
Dungeon (2/15)

Altars:


Innate Abilities, Weirdness & Mutations

Your body is rotting away.
You thrive on raw meat.
You are immune to poison.
You have sharp fingernails.
You are carnivorous and can eat meat at any time.
Your flesh is cold resistant. (rC+)
You are immune to negative energy. (rN+++)
You do not regenerate when monsters are visible.
You are immune to unholy pain and torment.
You can survive without breathing.


Message History

Aim: an orc wizard, wielding a dagger and wearing a robe You shoot a stone.
The stone barely misses the orc wizard.
An adder and a kobold come into view.
Firing (i - inventory. (/) - cycle)
e - 68 stones (quivered)
Aim: an orc wizard, wielding a dagger and wearing a robe You shoot a stone.
The stone closely misses the orc wizard.
The stone closely misses the kobold.
The adder hisses angrily.
The adder moves out of view.
The orc wizard points at you and mumbles some strange words.
The magic dart hits you!
Firing (i - inventory. (/) - cycle)
e - 67 stones (quivered)
Aim: an orc wizard, wielding a dagger and wearing a robe You shoot a stone.
The stone barely misses the orc wizard.
An orc comes into view. It is wielding a dagger.
You take 3 damage, and have 19/25 hp.
Firing (i - inventory. (/) - cycle)
e - 66 stones (quivered)
Aim: an orc wizard, wielding a dagger and wearing a robe You shoot a stone.
The stone closely misses the orc wizard.
Firing (i - inventory. (/) - cycle)
e - 65 stones (quivered)
Aim: an orc wizard, wielding a dagger and wearing a robe You shoot a stone.
The stone hits the orc wizard but does no damage.
Firing (i - inventory. (/) - cycle)
e - 64 stones (quivered)
Aim: an orc wizard, wielding a dagger and wearing a robe You shoot a stone.
The stone closely misses the orc wizard.
The orc wizard points at you and mumbles some strange words.
The magic dart hits you!
You take 7 damage, and have 12/25 hp.
MASSIVE DAMAGE!!
Your +1 spear of venom begins to drip with poison!
a - a +1 spear of venom (weapon)
You hit the orc wizard.
The orc wizard is poisoned.
The orc wizard completely misses you.
You hit the orc wizard.
The orc drinks a potion.
The orc goes berserk!
The orc wizard mumbles some strange words.
The orc wizard blinks!
The kobold throws a stone.
The stone misses you.
You hear a shout! x2
The kobold throws a stone.
The stone hits you.
You see here a stone.
You take 2 damage, and have 10/25 hp.
You closely miss the orc wizard.
You hear a shout!
The kobold throws a stone.
The stone closely misses you. The orc wizard hits you with a dagger.
* * * LOW HITPOINT WARNING * * *
You take 6 damage, and have 4/25 hp.
MASSIVE DAMAGE!!
It was a potion of curing.
You feel better.
The kobold throws a stone.
The stone barely misses you. The orc wizard closely misses you.
You regained 5 hp, and now have 9/26 hp.
You barely miss the orc wizard.
You hear a shout! x2
The kobold throws a stone.
The stone barely misses you.
The orc wizard gestures wildly while chanting.
The orc wizard blinks!
You hit the orc wizard.
You kill the orc wizard!
Your Polearms skill increases to level 2!
You have reached level 4!
You regained 2 hp, and now have 11/33 hp.
MP restored: 5 You miss the kobold.
The kobold barely misses you.
The orc rages.
Something unseen opens the door.
The orc hits you with a dagger.
* * * LOW HITPOINT WARNING * * *
An orc comes into view. It is wielding a trident.
You take 3 damage, and have 8/33 hp.
Unknown command.
As you read the scroll of teleportation, it crumbles to dust.
You feel strangely unstable. The orc hits you with a dagger.
* * * LOW HITPOINT WARNING * * *
The kobold barely misses you.
You take 3 damage, and have 5/33 hp.
Unknown command.
The orc closely misses you. The orc hits you with a dagger.
* * * LOW HITPOINT WARNING * * *
The adder barely misses you.
You take 2 damage, and have 3/33 hp.
You feel better. The orc hits you with a dagger.
* * * LOW HITPOINT WARNING * * *
The adder closely misses you. The kobold hits you but does no damage.
An orc comes into view. It is wielding a falchion.
Your surroundings seem slightly different.
The orc rages.
As you read the scroll labeled ANEAGY FO IMI, it crumbles to dust.
It is a scroll of identify.
You don't have any unidentified items.
The orc barely misses you. The adder closely misses you.
As you read the scroll of teleportation, it crumbles to dust.
You feel strangely unstable. The orc hits you with a dagger.
You die...

([......(#
#######..#### #()...#
#######.....#
#..)...oo...#
#...........#
..#########..§........#
..........'..SoK....(.#
###########...@.......#
##...........+
#............#
#.........####
#.........# #.........#
###########


You could see an adder, 3 orcs and a kobold.

Vanquished Creatures
  An orc wizard (D:3)
  An adder (D:3)
  A dart slug (D:1)
  7 bats
  3 goblins
  4 hobgoblins (D:1)
  2 jackals (D:2)
  2 frilled lizards
  6 kobolds
  3 rats
30 creatures vanquished.

Notes
Turn   | Place    | Note
-------+----------+-------------------------------------------
     0 | D:1      | mhoghedin the Ghoul Ice Elementalist began the quest for the Orb.
     0 | D:1      | Reached XP level 1. HP: 14/14 MP: 2/2
   363 | D:1      | Reached XP level 2. HP: 20/20 MP: 3/3
   521 | D:1      | Learned a level 2 spell: Throw Frost
   621 | D:1      | Reached skill level 1 in Slings
  1091 | D:2      | Reached XP level 3. HP: 23/23 MP: 4/4
  1262 | D:2      | You fall through a shaft!
  1317 | D:3      | Reached skill level 1 in Polearms
  1329 | D:3      | HP: 4/25 [orc wizard/dagger (6)]
  1332 | D:3      | Reached skill level 2 in Polearms
  1332 | D:3      | Reached XP level 4. HP: 11/33 MP: 5/5
  1337 | D:3      | HP: 8/33 [orc/dagger (3)]
  1339 | D:3      | HP: 3/33 [orc/dagger (2)]
  1343 | D:3      | Slain by an orc

Vault maps used:
D:1:      roderic_chinese_lattice_arrival
D:2:      minmay_item_behind_shaft, kennysheep_cross_room,
          hangedman_decor_lopped, eino_curves_03, glass_columns_b,
          uniq_crazy_yiuf_cottage
D:3:      uniq_terence

Skill      XL: |  1  2  3 |
---------------+----------+-----
Slings         | 1 |  1.4
Polearms       | 2 |  2.0
Axes           | |  0.7
Dodging        | |  1.7
Stealth        | |  2.1
Spellcasting   | |  1.7
Conjurations   | |  0.7
Ice Magic      | |  3.8

Action                   |  1- 3 |  4- 6 || total
-------------------------+-------+-------++-------
Melee: Club              |    12 |       ||    12
       Unarmed           |     1 |       ||     1
       Hand axe          |    23 |       ||    23
       Spear             |    35 |     1 ||    36
 Fire: Hunting sling     |    23 |       ||    23
 Cast: Freeze            |    15 |       ||    15
  Use: Scroll            |     4 |     3 ||     7
       Potion            |     1 |     1 ||     2
 Stab: Sleeping          |     1 |       ||     1
  Eat: Chunk             |     6 |       ||     6
Armor: Robe              |     9 |       ||     9
       Leather armour    |    20 |     1 ||    21
Dodge: Dodged            |    74 |     7 ||    81

Table legend:
 A = Spawn XP
 B = Non-spawn XP
 C = Spawn XP percentage of total XP
 D = Spawn monster count
 E = Non-spawn monster count
 F = Spawn count percentage of total count
 G = Total turns spent on level
                    A         B        C        D         E        F      G
               +---------+---------+-------+---------+---------+-------+---------
         Total |       0 |     101 |   0.0 |       0 |      30 |   0.0 |  1343
               +---------+---------+-------+---------+---------+-------+---------
           D:1 |       0 |      32 |   0.0 |       0 |      18 |   0.0 |  1081
           D:2 |       0 |      12 |   0.0 |       0 |       7 |   0.0 |   181
           D:3 |       0 |      57 |   0.0 |       0 |       5 |   0.0 |    81
               +---------+---------+-------+---------+---------+-------+---------

Vault maps used:
D:1:      roderic_chinese_lattice_arrival
D:2:      minmay_item_behind_shaft, kennysheep_cross_room,
          hangedman_decor_lopped, eino_curves_03, glass_columns_b,
          uniq_crazy_yiuf_cottage
D:3:      uniq_terence

Table legend:
 A = Turns spent in this place as a percentage of turns spent in the entire game.
 B = Non-inter-level travel turns spent in this place as a percentage of non-inter-level travel turns spent in the entire game.
 C = Inter-level travel turns spent in this place as a percentage of turns spent in this place.
 D = Turns resting spent in this place as a percentage of non-inter-level travel turns spent in this place.
 E = Turns spent auto-exploring this place as a percentage of non-inter-level travel turns spent in this place.
 F = Non-inter-level travel turns spent in this place divided by the number of levels of this place that you've seen.
                   A       B       C       D       E      F
               +-------+-------+-------+-------+-------+----------------------
         Total | 100.0 | 100.0 |   3.5 |  26.2 |  51.7 | 432.0
       Dungeon | 100.0 | 100.0 |   3.5 |  26.2 |  51.7 | 432.0
               +-------+-------+-------+-------+-------+----------------------

Table legend:
 A = Kills in this place as a percentage of kills in entire the game.
 B = Kills by you in this place as a percentage of kills by you in the entire game.
 C = Kills by friends in this place as a percentage of kills by friends in the entire game.
 D = Other kills in this place as a percentage of other kills in the entire game.
 E = Experience gained in this place as a percentage of experience gained in the entire game.
 F = Experience gained in this place divided by the number of levels of this place that you have seen.
                   A       B       C       D       E      F
               +-------+-------+-------+-------+-------+----------------------
         Total | 100.0 | 100.0 |   N/A |   N/A | 100.0 |  33.7
       Dungeon | 100.0 | 100.0 |   N/A |   N/A | 100.0 |  33.7
               +-------+-------+-------+-------+-------+----------------------
